 Dungeon Crawl Stone Soup version 0.25-a0-513-ge77a69270c (webtiles) character file.

Game seed: 15228379585790338585, levelgen mode: deterministic

702274 DunjonMajik the Hoplite (level 27, -5/217 HPs)
             Began as a Mummy Fighter on Feb 15, 2020.
             Was an Initiate of Gozag.
             Slain by a bennu (16 damage)
             ... on level 1 of the Tomb of the Ancients on Feb 16, 2020.
             The game lasted 04:13:39 (87443 turns).

DunjonMajik the Hoplite (Mummy Fighter)            Turns: 87443, Time: 04:13:42

Health: -5/217     AC: 36    Str: 26      XL:     27
Magic:  23/23      EV: 14    Int: 17      God:    Gozag
Gold:   13651      SH: 26    Dex: 16 (21) Spells: 18/26 levels left

rFire    + . .     SeeInvis +   d - +9 demon whip (pain)
rCold    + + +     Gourm    .   k - +0 tower shield {rPois}
rNeg     + + +     Faith    .   y - +5 gold dragon scales
rPois    ∞         Spirit   .   l - +3 crown of Dyrovepreva {rElec Int+2 SInv}
rElec    +         Reflect  .   v - scarf {cloud immunity}
rCorr    .         Harm     .   n - +2 pair of gloves of Creativity {MR+}
MR       +++++                  H - +1 pair of boots {run}
Stlth    ..........             N - amulet of Gaimnath {MR+ Regen+ Slay+5}
HPRegen  0.86/turn              r - ring "Rasuh" {rPois rF+ EV+2 Int+7 Dex+2}
MPRegen  0.18/turn              P - ring "Ruritta" {rC++ AC+1 Int-3 Slay+3}

@: agile, corroded, gold aura, flying, slowed, invisible, very slow
A: no food or potions, fire vulnerability, cold resistance 1, negative energy
resistance 3, torment resistance, unbreathing, in touch with death 2
}: 5/15 runes: decaying, slimy, silver, abyssal, gossamer
a: Potion Petition, Call Merchant, Bribe Branch, Renounce Religion


You were on level 1 of the Tomb of the Ancients.
You worshipped Gozag.
Gozag was extremely pleased with you.
You were not hungry.

You visited 12 branches of the dungeon, and saw 54 of its levels.
You visited the Abyss 1 time.
You also visited: Ice Cave and Desolation.

You collected 35567 gold pieces.
You spent 6695 gold pieces at shops.
You paid 15221 gold pieces to Gozag.

Inventory:

Hand Weapons
 d - a +9 demon whip of pain (weapon)
 h - a +2 demon whip of flaming
Missiles
 q - 31 boomerangs (quivered)
 s - 6 throwing nets
Armour
 k - a +0 tower shield of poison resistance (worn)
 l - the +3 crown of Dyrovepreva (worn) {rElec Int+2 SInv}
   (You bought it in a shop on level 4 of the Vaults)

   It affects your intelligence (+2).
   It insulates you from electricity.
   It lets you see invisible.
   If you remove this armour, your AC will decrease by 3 (36 -> 33).
 n - the +2 pair of gloves of Creativity (worn) {MR+}
   (You bought it in a shop on level 2 of the Orcish Mines)

   It affects your resistance to hostile enchantments.
   If you remove this armour, your AC will decrease by 4 (36 -> 32).
 u - a +2 cloak
 v - a scarf of cloud immunity (worn)
 y - +5 gold dragon scales (worn)
 H - a +1 pair of boots of running (worn)
Jewellery
 o - a +5 ring of evasion
 r - the ring "Rasuh" (left hand) {rPois rF+ EV+2 Int+7 Dex+2}
   (You found it on level 4 of the Depths)

   [ring of evasion]

   It affects your evasion (+2).
   It affects your intelligence (+7).
   It affects your dexterity (+2).
   It protects you from fire.
   It protects you from poison.
 A - an uncursed ring of see invisible
 N - the amulet of Gaimnath (around neck) {MR+ Regen+ Slay+5}
   (You found it in the Desolation of Salt)

   [amulet of regeneration]

   It affects your accuracy and damage with ranged weapons and melee attacks
   (+5).
   It affects your resistance to hostile enchantments.
   It increases your rate of regeneration.
 P - the ring "Ruritta" (right hand) {rC++ AC+1 Int-3 Slay+3}
   (You took it off an imperial myrmidon in the Desolation of Salt)

   [ring of protection]

   It affects your AC (+1).
   It affects your intelligence (-3).
   It affects your accuracy and damage with ranged weapons and melee attacks
   (+3).
   It greatly protects you from cold.
Wands
 b - a wand of clouds (7)
 p - a wand of disintegration (21)
 t - a wand of digging (51)
 w - a wand of iceblast (30)
 z - a wand of acid (30)
Scrolls
 a - 2 scrolls of amnesia
 c - a scroll of enchant armour
 e - 23 scrolls of remove curse
 g - 27 scrolls of teleportation
 i - 9 scrolls of magic mapping
 j - 17 scrolls of fog
 m - 36 scrolls of identify
 x - 4 scrolls of fear
 I - a scroll of silence
 K - 2 scrolls of torment
 L - 3 scrolls of summoning
Miscellaneous
 f - 2 sacks of spiders
 B - a lightning rod (4/4)
 C - a crystal ball of energy
 F - 5 boxes of beasts
 J - 2 phantom mirrors
 R - 2 tremorstones


   Skills:
 - Level 18.0 Fighting
 - Level 13.6 Maces & Flails
 - Level 22.7 Armour
 - Level 25.0 Shields
 + Level 17.9 Necromancy


You had 18 spell levels left.
You knew the following spells:

 Your Spells              Type           Power        Failure   Level  Hunger
a - Infestation           Necr           #######...   100%        8    N/A

Your spell library contained the following spells:

 Spells                   Type           Power        Failure   Level  Hunger
 Animate Skeleton         Necr           N/A          1%          1    N/A
 Pain                     Necr           ####         1%          1    N/A
 Vampiric Draining        Necr           #######...   1%          3    N/A
 Animate Dead             Necr           N/A          1%          4    N/A
 Dispel Undead            Necr           #######.     1%          4    N/A
 Agony                    Necr           #######.     4%          5    N/A
 Corpse Rot               Necr/Air       N/A          10%         2    N/A
 Death Channel            Necr           #######...   24%         6    N/A
 Borgnjor's Vile Clutch   Necr/Erth      ######....   86%         5    N/A
 Excruciating Wounds      Chrm/Necr      ######....   86%         5    N/A
 Apportation              Tloc           #.....       94%         1    N/A
 Corona                   Hex            #......      94%         1    N/A
 Foxfire                  Conj/Fire      #...         94%         1    N/A
 Shock                    Conj/Air       #...         94%         1    N/A
 Sting                    Tmut/Pois      #...         94%         1    N/A
 Summon Butterflies       Summ           #.......     94%         1    N/A
 Summon Small Mammal      Summ           #...         94%         1    N/A
 Ensorcelled Hibernation  Hex/Ice        #.....       98%         2    N/A
 Poisonous Vapours        Pois/Air       #.....       98%         2    N/A
 Sticks to Snakes         Tmut           #.......     98%         2    N/A
 Swiftness                Chrm/Air       #.......     98%         2    N/A
 Call Canine Familiar     Summ           #.......     100%        3    N/A
 Confusing Touch          Hex            #.......     100%        3    N/A
 Conjure Flame            Conj/Fire      #.......     100%        3    N/A
 Dazzling Flash           Conj/Hex       #.....       100%        3    N/A
 Gell's Gravitas          Tloc           #.........   100%        3    N/A
 Ignite Poison            Fire/Tmut/Pois #.......     100%        3    N/A
 Inner Flame              Hex/Fire       #.......     100%        3    N/A
 Lesser Beckoning         Tloc           #.........   100%        3    N/A
 Mephitic Cloud           Conj/Pois/Air  #.......     100%        3    N/A
 Ozocubu's Armour         Chrm/Ice       #.......     100%        3    N/A
 Portal Projectile        Hex/Tloc       #.....       100%        3    N/A
 Static Discharge         Conj/Air       #.......     100%        3    N/A
 Tukima's Dance           Hex            #.......     100%        3    N/A
 Airstrike                Air            #.........   100%        4    N/A
 Cause Fear               Hex            #.........   100%        4    N/A
 Leda's Liquefaction      Hex/Erth       #.........   100%        4    N/A
 Olgreb's Toxic Radiance  Pois           #.......     100%        4    N/A
 Passage of Golubria      Tloc           N/A          100%        4    N/A
 Petrify                  Tmut/Erth      #.......     100%        4    N/A
 Sticky Flame             Conj/Fire      #.......     100%        4    N/A
 Summon Ice Beast         Ice/Summ       #.......     100%        4    N/A
 Summon Lightning Spire   Summ/Air       #.......     100%        4    N/A
 Alistair's Intoxication  Tmut/Pois      #.......     100%        5    N/A
 Bolt of Magma            Conj/Fire/Erth #.........   100%        5    N/A
 Fireball                 Conj/Fire      #.........   100%        5    N/A
 Irradiate                Conj/Tmut      #.........   100%        5    N/A
 Iskenderun's Battlesphe  Conj/Chrm      #.......     100%        5    N/A
 Lightning Bolt           Conj/Air       #.........   100%        5    N/A
 Metabolic Englaciation   Hex/Ice        #.........   100%        5    N/A
 Silence                  Hex/Air        #.........   100%        5    N/A
 Summon Forest            Summ/Tloc      #.........   100%        5    N/A
 Yara's Violent Unravell  Hex/Tmut       #.........   100%        5    N/A
 Conjure Ball Lightning   Conj/Air       #.........   100%        6    N/A
 Deflect Missiles         Chrm/Air       #.........   100%        6    N/A
 Dispersal                Tloc           #.........   100%        6    N/A
 Freezing Cloud           Conj/Ice/Air   #.........   100%        6    N/A
 Invisibility             Hex            #.......     100%        6    N/A
 Iron Shot                Conj/Erth      #.........   100%        6    N/A
 Simulacrum               Ice/Necr       ######....   100%        6    N/A
 Haunt                    Necr/Summ      ######....   100%        7    N/A
 Malign Gateway           Summ/Tloc      #.........   100%        7    N/A
 Monstrous Menagerie      Summ           #.........   100%        7    N/A
 Orb of Destruction       Conj           #.........   100%        7    N/A
 Ring of Flames           Chrm/Fire      #.........   100%        7    N/A
 Spellforged Servitor     Conj/Summ      #.........   100%        7    N/A
 Summon Greater Demon     Summ           #.........   100%        7    N/A
 Controlled Blink         Tloc           N/A          100%        8    N/A
 Discord                  Hex            #.........   100%        8    N/A
 Disjunction              Tloc           #.........   100%        8    N/A
 Ignition                 Fire           #.........   100%        8    N/A
 Summon Horrible Things   Summ           #.........   100%        8    N/A
 Shatter                  Erth           #.........   100%        9    N/A
 Tornado                  Air            #.........   100%        9    N/A
 Sublimation of Blood     Necr           Unusable     N/A         2    N/A
 Borgnjor's Revivificati  Necr           Unusable     N/A         8    N/A
 Death's Door             Chrm/Necr      Unusable     N/A         8    N/A
 Necromutation            Tmut/Necr      Unusable     N/A         8    N/A

Dungeon Overview and Level Annotations

Branches:
Dungeon (15/15)            Temple (1/1) D:4            Lair (6/6) D:8
  Swamp (4/4) Lair:3       Spider (4/4) Lair:4        Slime (5/5) Lair:6
    Orc (2/2) D:12            Elf (3/3) Orc:2        Vaults (5/5) D:13
  Crypt (3/3) Vaults:3       Tomb (1/3) Crypt:3      Depths (5/5) D:15
    Zot (0/5) Depths:5      IceCv (visited)         Desolation (visited)

Altars:
Ashenzari
Cheibriados
Dithmenos
Elyvilon
Fedhas
Gozag
Hepliaklqana
Kikubaaqudgha
Makhleb
Nemelex Xobeh
Okawaru
Qazlal
Ru
Sif Muna
Trog
Uskayaw
Vehumet
Wu Jian
Xom
Yredelemnul
Zin
The Shining One
Beogh
Jiyva

Shops:
Orc:2 [[((*%   Elf:2 %!(   Vaults:4 [[[*   Crypt:3 (   Depths:4 =}=

Portals:
Hell: Depths:1 Depths:2 Depths:3 Depths:4 Depths:5
Abyss: Depths:4
Pandemonium: Depths:3 Depths:5
Ziggurat: Depths:1

Annotations:
D:5 2 runed translucent doors, Raskolnikov's ghost, novice GrFi
D:11 2 runed translucent doors, Kohma's ghost, journeyman DrIE
Lair:2 exclusion: 2 oklob plants
Vaults:4 Mennas


Innate Abilities, Weirdness & Mutations

You do not eat or drink.
Your flesh is vulnerable to fire.
You are immune to poison.
Your flesh is cold resistant. (rC+)
You are immune to negative energy. (rN+++)
You are immune to unholy pain and torment.
You can survive without breathing.
You are strongly in touch with the powers of death.


Message History

Okay, then. [a] - 598 gold - heal wounds, curing, flight, agility and invisibility [b] - 644 gold - haste, agility, resistance and might [c] - 378 gold - resistance and agility Purchase which effect?
You feel much better.
You feel better.
You feel very buoyant.
You fly up into the air.
You feel agile all of a sudden.
You fade into invisibility!
The greater mummy is no longer distracted by gold.
The bennu pecks you.
* * * LOW HITPOINT WARNING * * *
The bennu sears you!!
* * * LOW HITPOINT WARNING * * *
You block the bennu's attack. x2; The jiangshi claws you.
* * * LOW HITPOINT WARNING * * *
You block the jiangshi's attack. You block the wight's attack.
The soul eater barely misses you. The bennu pecks you!
You die...
Your body crumbles into a pile of gold.

..............8...8..............
.................................
#############.......#############
#.8...8.# #.......# #.......#
#.8...8.# #..zV3Z.# #.zb@..n#
#V8z3M8.# #4MWV4M.# #.WWM..W#
#.8M..8.# #.......# ##'''''##
####..$..$.#######
....§....$.....^..


You could see a greater mummy, a bennu, an ancient champion, 2 mummy priests, 2
jiangshi, 2 soul eaters, a flayed ghost, a hellwing, a freezing wraith, a hungry
ghost, a chaos spawn, a vampire (invisible), a necrophage, a shadow (invisible),
a flying skull, 2 mummies, a wight and a titan zombie.

Vanquished Creatures
  the Royal Jelly (Slime:5)
  2 ancient liches (Crypt:3)
  2 juggernauts
  Mara (Depths:2)
  2 greater mummies (Tomb:1)
  Boris (Vaults:2)
  Margery (Vaults:4)
  the Lernaean hydra (Swamp:4)
  Frederick (Vaults:4)
  Saint Roka (Elf:3)
  Jory (Vaults:2)
  Nikola (Swamp:2)
  6 golden dragons
  A bone dragon (Abyss:2)
  Arachne (Spider:3)
  Rupert (D:15)
  6 tentacled monstrosities
  3 deep elf blademasters
  A quicksilver dragon (Vaults:5)
  2 deep elf master archers (Elf:3)
  Asterion (Spider:3)
  4 titans (Vaults:5)
  11 liches
  26 acid blobs
  Agnes (Spider:3)
  4 tentacled starspawn
  A thorn hunter (Swamp:3)
  4 revenants
  4 shadow dragons
  5 storm dragons (Vaults:5)
  Kirke (Lair:4)
  12 sphinxes
  11 tengu reavers
  13 azure jellies
  9 fire giants
  Donald (Spider:3)
  The ghost of Ijustatesigmund the Warrior, an adept OpFi of Cheibriados (Swamp:4)
  12 frost giants
  4 deep elf sorcerers (Elf:3)
  15 vault wardens
  An iron dragon (Depths:2)
  A caustic shrike zombie (Depths:2)
  2 balrugs
  4 imperial myrmidons (Desolation)
  7 ghost moths
  Aizul (Swamp:2)
  7 ghouls
  17 ironheart preservers
  A draconian scorcher (Abyss:5)
  An angel (Abyss:2)
  A draconian shifter (Depths:5)
  27 very ugly things
  2 draconian annihilators (Depths:5)
  7 emperor scorpions
  2 curse skulls
  A spriggan defender (Depths:2)
  5 deep elf elementalists
  27 stone giants
  7 entropy weavers
  4 war gargoyles
  2 reapers
  A green draconian (Depths:5)
  A black draconian (Depths:5)
  10 deep elf demonologists
  5 vampire knights
  A halazid warlock (Desolation)
  12 deep elf annihilators
  A red draconian (Depths:5)
  10 spark wasps
  17 ettins
  An eidolon (Crypt:3)
  A purple draconian (Depths:5)
  2 crystal guardians (Desolation)
  9 deep elf death magi
  8 death oozes
  3 mummy priests (Tomb:1)
  9 jiangshi
  3 deep elf high priests
  18 fire dragons
  Josephine (D:12)
  15 ogre magi
  7 ragged hierophants (Desolation)
  22 great orbs of eyes
  21 yaktaur captains
  Fannar (Orc:1)
  Erolcha (D:12)
  22 hydras
  9 rakshasas
  6 servants of whispers
  13 ice dragons
  Harold (Orc:1)
  2 spriggan air magi
  A hydra (shapeshifter) (Vaults:5)
  2 ghost crabs
  39 vault guards
  4 peacekeepers (Desolation)
  3 shambling mangroves
  10 centaur warriors
  A catoblepas (Lair:4)
  4 death yaks
  3 death knights
  41 two-headed ogres
  A two-headed ogre (shapeshifter) (Vaults:5)
  9 death scarabs (Tomb:1)
  16 deep troll earth magi
  An orc high priest (Orc:2)
  8 vampire magi
  15 alligators
  A queen ant (Spider:1)
  9 deep troll shamans
  A titan zombie (Vaults:4)
  5 sun demons
  6 tengu warriors
  3 hell hogs (Abyss:4)
  8 thrashing horrors
  3 spriggan berserkers
  A titan skeleton (Crypt:3)
  30 deep elf knights
  20 hell knights
  5 soul eaters
  2 iron trolls (Depths:1)
  7 shadow wraiths
  8 wretched stars
  12 skeletal warriors
  2 spatial maelstroms (Abyss:2)
  A quicksilver dragon simulacrum (Crypt:2)
  3 spriggan druids
  A golden dragon zombie (Crypt:1)
  An unseen horror (shapeshifter) (Vaults:1)
  2 glowing orange brains (shapeshifter)
  48 deep trolls
  A gelid demonspawn (Depths:3)
  9 swamp dragons
  A deep troll (shapeshifter) (Vaults:5)
  An infernal demonspawn (Depths:3)
  A shadow demon (Depths:3)
  7 flayed ghosts
  13 harpies
  3 unseen horrors
  8 glowing orange brains
  25 ironbrand convokers
  24 deep elf archers
  9 necromancers
  3 shadow dragon zombies
  20 phantasmal warriors
  3 wizards
  14 orc knights
  21 orb spiders
  An orb spider (shapeshifter) (D:15)
  An iron dragon zombie (Crypt:2)
  44 wolf spiders
  A salamander (Depths:3)
  4 shining eyes
  A shadow dragon skeleton (Crypt:3)
  10 orc sorcerers
  2 human zombies (Vaults:4)
  A manticore (shapeshifter) (Depths:2)
  75 deep elf magi
  A fire giant zombie (Abyss:2)
  2 frost giant zombies
  A worldbinder (Abyss:2)
  5 cyclopes (Vaults:1)
  A stone giant zombie (Crypt:2)
  2 apocalypse crabs (Abyss:5)
  A moth of wrath (Spider:4)
  5 manticores
  68 ugly things
  5 guardian serpents
  3 fire giant skeletons
  A shock serpent zombie (Crypt:3)
  7 black mambas
  A frost giant skeleton (Depths:2)
  15 vault sentinels
  2 ice statues (IceCv)
  A molten gargoyle (D:13)
  2 stone giant skeletons
  An orange demon (Abyss:3)
  3 torpor snails
  10 smoke demons
  5 eyes of devastation
  A water nymph (shapeshifter) (Vaults:5)
  A centaur skeleton (D:15)
  An elf skeleton (Vaults:5)
  A spiny frog (shapeshifter) (Elf:2)
  28 spiny frogs
  A hellion (Abyss:5)
  A rime drake (Lair:6)
  4 gargoyles
  An iron troll zombie (Crypt:1)
  A rime drake (shapeshifter) (Vaults:4)
  A yaktaur (shapeshifter) (Vaults:1)
  37 yaktaurs
  13 demonic crawlers
  A komodo dragon (shapeshifter) (Depths:2)
  A purple draconian zombie (Crypt:1)
  A tormentor (Abyss:5)
  A spark wasp simulacrum (Depths:2)
  10 komodo dragons
  An efreet (Abyss:2)
  13 freezing wraiths
  2 kobold demonologists
  5 ancient zymes
  A golden dragon simulacrum (Crypt:2)
  A tengu conjurer (Depths:1)
  A minotaur skeleton (Crypt:1)
  6 ice devils (IceCv)
  A hellwing (Depths:3)
  A merfolk (shapeshifter) (Vaults:5)
  2 meliai (shapeshifter)
  51 jumping spiders
  2 harpy zombies
  A tengu simulacrum (Vaults:3)
  A meliai (D:13)
  4 red devils (Crypt:3)
  10 guardian mummies (Tomb:1)
  9 polar bears (Lair:6)
  10 trolls
  12 blink frogs
  A wind drake (shapeshifter) (Vaults:1)
  2 trolls (shapeshifter)
  A jumping spider (shapeshifter) (Vaults:5)
  6 tyrant leeches
  50 saltlings
  20 hornets
  18 bog bodies
  A hydra skeleton (Crypt:2)
  12 raiju
  3 dream sheep (Lair:6)
  An alligator zombie (Crypt:2)
  A fire giant simulacrum (Depths:1)
  2 harpy skeletons (Crypt:1)
  120 slime creatures
  An ice dragon zombie (Crypt:1)
  An ettin zombie (Crypt:2)
  A spriggan zombie (Depths:1)
  13 large abominations
  18 wraiths
  A fire dragon zombie (Crypt:1)
  An alligator skeleton (Crypt:3)
  11 flying skulls
  5 vampires
  A black mamba zombie (Crypt:1)
  8 hippogriffs
  8 shadows
  80 redbacks
  4 ynoxinuls
  3 ushabtiu (Tomb:1)
  12 wyverns
  7 spriggans
  Eustachio (Temple)
  7 water elementals
  45 tarantellas
  2 ettin skeletons
  4 air elementals
  A hog (shapeshifter) (Vaults:4)
  38 yaks
  A wyvern (shapeshifter) (D:14)
  9 vampire mosquitoes
  A golden eye (shapeshifter) (Vaults:3)
  A hog (Lair:4)
  2 fire elementals
  2 humans (shapeshifter)
  2 hungry ghosts
  10 golden eyes
  7 basilisks
  8 neqoxecs
  A chaos spawn (Abyss:5)
  A yaktaur simulacrum (Vaults:2)
  2 spatial vortices (Abyss:2)
  10 swamp worms
  13 wargs
  20 soldier ants (Spider:1)
  A soldier ant (shapeshifter) (Depths:2)
  A warg (shapeshifter) (Depths:1)
  12 hell hounds (Lair:6)
  21 water moccasins
  9 porcupines
  A spiny frog zombie (Tomb:1)
  A merfolk skeleton (Crypt:1)
  10 swamp drakes
  A porcupine (shapeshifter) (Vaults:3)
  25 orc warriors
  11 small abominations
  An eye of draining (shapeshifter) (Depths:1)
  A hornet zombie (Crypt:1)
  A fire dragon simulacrum (Abyss:3)
  A phantom (D:6)
  6 eyes of draining
  15 ice beasts
  3 sky beasts
  2 spriggan simulacra
  13 black bears
  23 starcursed masses
  4 necrophages
  25 wolves
  19 boggarts
  A torpor snail zombie (Crypt:1)
  39 ogres
  A centaur (shapeshifter) (Depths:3)
  11 centaurs
  17 crocodiles
  Blork the orc (D:6)
  A big kobold (D:8)
  3 elf zombies (Elf:1)
  17 bullfrogs
  A bullfrog (shapeshifter) (Vaults:1)
  A gnoll sergeant (D:10)
  7 scorpions
  A warg zombie (Crypt:2)
  A killer bee (shapeshifter) (D:13)
  An orc simulacrum (Vaults:2)
  A killer bee (D:13)
  9 wights
  6 electric eels
  A howler monkey (D:9)
  13 crimson imps
  6 lava snakes (D:13)
  5 centaur zombies
  4 quasits
  5 iron imps
  7 jellies
  35 orc wizards
  7 hounds
  26 orc priests
  Crazy Yiuf (D:6)
  3 iguanas
  35 worker ants
  2 killer bee zombies
  A deep dwarf zombie (Crypt:1)
  A demigod skeleton (Crypt:1)
  A naga skeleton (Crypt:3)
  7 mummies (Tomb:1)
  A howler monkey zombie (D:11)
  2 worker ant zombies
  Robin (D:4)
  7 adders
  A gnoll (shapeshifter) (Vaults:4)
  16 gnolls
  A howler monkey skeleton (D:8)
  A swamp drake skeleton (Crypt:1)
  6 shadow imps
  10 white imps
  13 ufetubi
  14 oozes (D:6)
  A worm zombie (Crypt:2)
  An adder zombie (D:8)
  A halfling zombie (Crypt:2)
  2 adder skeletons
  3 worms
  3 dart slugs
  8 leopard geckos
  64 orcs
  7 bats
  9 giant cockroaches
  A gnoll zombie (Crypt:2)
  12 goblins
  7 hobgoblins
  20 jackals
  4 quokkas
  5 ball pythons
  6 frilled lizards
  A jackal zombie (D:5)
  12 kobolds
  An orc skeleton (Crypt:2)
  A quokka skeleton (Crypt:1)
  2 quokka zombies
  4 rats
  A fungus (Lair:2)
  A plant (Lair:6)
  2 starspawn tentacles
2896 creatures vanquished.

Vanquished Creatures (collateral kills)
  A death ooze (Slime:5)
  An orc priest (D:11)
  An orc wizard (D:11)
3 creatures vanquished.

Vanquished Creatures (others)
  28 dancing weapons
  An ogre mage (Vaults:5)
  A spriggan druid (Swamp:2)
  A shining eye (Abyss:4)
  2 deep elf magi (Elf:1)
  A gargoyle (Crypt:3)
  A rime drake (shapeshifter) (Depths:2)
  A large abomination (Abyss:5)
  A tarantella (Spider:1)
  3 humans (Lair:5)
  2 small abominations
  A swamp drake (shapeshifter) (Vaults:5)
  2 swamp drakes (Swamp:4)
  5 centaurs
  An orc priest (Vaults:4)
  An orc wizard (Vaults:4)
  2 white imps (IceCv)
  4 ufetubi
  27 fungi
  2 lurking horrors
  33 plants
  21 starspawn tentacles
  42 withered plants (Crypt:3)
183 creatures vanquished.

Grand Total: 3082 creatures vanquished

Notes
Turn   | Place    | Note
-------+----------+-------------------------------------------
     0 | D:1      | DunjonMajik the Mummy Fighter began the quest for the Orb.
     0 | D:1      | Reached XP level 1. HP: 18/18 MP: 1/1
   130 | D:1      | Reached XP level 2. HP: 22/24 MP: 2/2
   585 | D:2      | Reached XP level 3. HP: 29/29 MP: 3/3
   921 | D:2      | Reached XP level 4. HP: 35/35 MP: 4/4
  1688 | D:3      | Found a faded altar of an unknown god.
  1717 | D:3      | Reached XP level 5. HP: 40/41 MP: 5/5
  2238 | D:3      | Found a sacrificial altar of Ru.
  2247 | D:3      | You fall into a shaft and drop 1 floor!
  2247 | D:4      | Found a staircase to the Ecumenical Temple.
  2251 | D:4      | Noticed Robin
  2252 | D:4      | Noticed Eustachio
  2256 | Temple   | Entered the Ecumenical Temple
  2450 | Temple   | Became a worshipper of Gozag Ym Sagoz the Greedy
  2606 | Temple   | Killed Eustachio
  2606 | Temple   | Reached skill level 3 in Shields
  2606 | Temple   | Reached XP level 6. HP: 14/47 MP: 6/6
  2840 | D:4      | Killed Robin
  2887 | D:4      | Reached skill level 4 in Shields
  3161 | D:3      | Found a blossoming altar of Fedhas.
  3640 | D:4      | Found an iron altar of Okawaru.
  3910 | D:5      | Entered Level 5 of the Dungeon
  4000 | D:5      | Reached skill level 5 in Maces & Flails
  4006 | D:5      | Reached XP level 7. HP: 47/52 MP: 7/7
  4986 | D:5      | Found a large runed translucent door.
  4986 | D:5      | Found a large runed translucent door.
  4988 | D:5      | Noticed Raskolnikov's ghost (novice GrFi)
  5774 | D:6      | Reached XP level 8. HP: 46/58 MP: 8/8
  5774 | D:6      | Noticed Blork the orc
  5896 | D:6      | Killed Blork the orc
  6072 | D:6      | Found a sparkling altar of Nemelex Xobeh.
  6261 | D:7      | Found a hide-covered altar of Uskayaw.
  6268 | D:7      | Found a blossoming altar of Fedhas.
  6271 | D:7      | Found a glowing golden altar of the Shining One.
  6318 | D:6      | Reached skill level 5 in Shields
  6371 | D:6      | Noticed a slime creature
  6417 | D:5      | Killed a slime creature
  6577 | D:6      | Reached skill level 6 in Shields
  6641 | D:6      | Found a runed translucent door.
  6642 | D:6      | Noticed Crazy Yiuf
  6837 | D:6      | Killed Crazy Yiuf
  7078 | D:7      | You fall into a shaft and drop 2 floors!
  7078 | D:9      | Found a shimmering blue altar of Sif Muna.
  7078 | D:9      | Noticed a two-headed ogre
  7093 | D:9      | Reached XP level 9. HP: 63/63 MP: 9/9
  7138 | D:9      | Reached skill level 7 in Shields
  7781 | D:7      | Found a shimmering blue altar of Sif Muna.
  8278 | D:8      | Found a staircase to the Lair.
  8603 | D:9      | Found an ancient bone altar of Kikubaaqudgha.
  8612 | D:9      | Found a white marble altar of Elyvilon.
  8908 | D:9      | Reached skill level 5 in Armour
  9270 | D:9      | Found an opulent altar of Gozag.
  9333 | D:9      | Killed a two-headed ogre
  9333 | D:9      | Reached XP level 10. HP: 17/73 MP: 10/10
 10038 | D:9      | Got a sapphire-encrusted ring mail
 10049 | D:9      | Identified the +1 ring mail "Qafoedd" {rElec} (You found it
                  | on level 9 of the Dungeon)
 10269 | D:10     | Entered Level 10 of the Dungeon
 10974 | D:10     | Reached skill level 8 in Shields
 12365 | D:11     | Reached skill level 9 in Shields
 12446 | D:11     | Noticed a five-headed hydra
 12825 | D:11     | Reached XP level 11. HP: 45/78 MP: 11/11
 13187 | D:11     | Got a bone falchion
 13188 | D:11     | Identified the cursed +1 falchion of Might {venom, +Fly
                  | Str+4} (You found it on level 11 of the Dungeon)
 13204 | D:11     | Found a runed translucent door.
 13205 | D:11     | Noticed a death drake
 13207 | D:11     | Noticed a skeletal warrior
 13207 | D:11     | Noticed a lich
 13207 | D:11     | Noticed a deep troll earth mage
 13208 | D:11     | Noticed a necromancer
 13208 | D:11     | Noticed Kohma's ghost (journeyman DrIE)
 13212 | D:11     | Found a runed translucent door.
 13213 | D:11     | a death drake changed into a salamander
 13285 | D:11     | Killed a five-headed hydra
 13285 | D:11     | Reached skill level 10 in Shields
 13285 | D:11     | Noticed a seven-headed hydra
 13585 | D:11     | Killed a seven-headed hydra
 14005 | D:11     | Noticed a death drake
 14005 | D:11     | a death drake changed into a yaktaur
 14027 | D:11     | Killed an unseen horror
 14346 | D:12     | Noticed Erolcha
 14346 | D:12     | Noticed a two-headed ogre
 14352 | D:12     | Noticed a green ugly thing
 14355 | D:12     | Noticed a two-headed ogre
 14475 | Lair:1   | Entered Level 1 of the Lair of Beasts
 15817 | Lair:1   | Reached skill level 10 in Maces & Flails
 16034 | Lair:1   | Noticed a five-headed hydra
 16045 | Lair:1   | Killed a five-headed hydra
 16834 | Lair:1   | Reached XP level 12. HP: 84/84 MP: 12/12
 16987 | Lair:2   | You fall into a shaft and drop 2 floors!
 17001 | Lair:4   | Found a hole to the Spider Nest.
 17651 | Lair:4   | Noticed a catoblepas
 17670 | Lair:4   | Killed a catoblepas
 19334 | Lair:3   | Found a staircase to the Swamp.
 19369 | Lair:3   | Reached skill level 5 in Fighting
 20526 | Lair:4   | Noticed a six-headed hydra
 20961 | Lair:4   | Killed a six-headed hydra
 21624 | Lair:5   | Noticed Kirke
 21762 | Lair:4   | Killed Kirke
 22696 | Lair:5   | Noticed a death yak
 22746 | Lair:5   | Killed a death yak
 22746 | Lair:5   | Gained mutation: You are in touch with the powers of death.
                  | [Mummy growth]
 22746 | Lair:5   | Reached XP level 13. HP: 64/95 MP: 13/13
 23157 | Lair:4   | Reached skill level 11 in Shields
 24192 | Lair:6   | Entered Level 6 of the Lair of Beasts
 25194 | Lair:6   | Reached skill level 12 in Shields
 25503 | Lair:6   | Found a runed translucent door.
 25504 | Lair:6   | Found a viscous altar of Jiyva.
 26188 | Lair:6   | Noticed an acid blob
 26189 | Lair:6   | Found a staircase to the Slime Pits.
 26715 | Lair:6   | Reached XP level 14. HP: 25/101 MP: 14/14
 28126 | Lair:6   | Reached skill level 13 in Shields
 28922 | Lair:6   | Noticed an acid blob
 29171 | D:12     | You fall into a shaft and drop 2 floors!
 29589 | D:13     | Found a gate to the Vaults.
 29644 | D:13     | Found a frozen archway.
 29683 | IceCv    | Entered an ice cave
 31471 | IceCv    | Noticed a reaper
 31509 | IceCv    | Killed a reaper
 32239 | D:13     | Reached skill level 14 in Shields
 32559 | D:14     | Got a pair of transparent gloves
 32570 | D:14     | Identified the cursed +0 pair of gloves "Uruaruaf" {Str+3}
                  | (You found it on level 14 of the Dungeon)
 33275 | D:12     | Killed Erolcha
 33408 | D:12     | Found a bloodstained altar of Trog.
 33420 | D:12     | Reached XP level 15. HP: 64/107 MP: 0/15
 33654 | D:12     | Found a staircase to the Orcish Mines.
 33852 | Orc:1    | Entered Level 1 of the Orcish Mines
 33852 | Orc:1    | Noticed Josephine
 33872 | D:12     | Killed Josephine
 33872 | D:12     | Reached skill level 15 in Shields
 34120 | Orc:1    | Noticed Harold
 34141 | Orc:1    | Killed Harold
 34396 | Orc:2    | Entered Level 2 of the Orcish Mines
 34401 | Orc:1    | Noticed Fannar
 34416 | Orc:1    | Killed Fannar
 35109 | Orc:2    | Found a staircase to the Elven Halls.
 35687 | Orc:2    | Found Mejyghenank's Assorted Antiques.
 35687 | Orc:2    | Found Jianeleg's Food Emporium.
 35688 | Orc:2    | Found Rantin's Weapon Shoppe.
 35694 | Orc:2    | Found Plog's Weapon Shoppe.
 35713 | Orc:2    | Bought a scroll of teleportation for 87 gold pieces
 35713 | Orc:2    | Bought a scroll labeled CEKLOT UREWISA for 29 gold pieces
 35713 | Orc:2    | Bought a scroll of fear for 101 gold pieces
 35930 | Orc:2    | Found a roughly hewn altar of Beogh.
 36160 | Orc:2    | Bought +1 gold dragon scales for 1479 gold pieces
 36715 | D:15     | Entered Level 15 of the Dungeon
 37243 | D:15     | Reached skill level 10 in Armour
 37308 | D:15     | Found a shattered altar of Ashenzari.
 37408 | D:15     | Noticed Rupert
 37431 | D:15     | Killed Rupert
 37909 | D:15     | Found a staircase to the Depths.
 38176 | Orc:2    | Bought the +0 Maxwell's etheric cage {RegenMP+ *Contam
                  | rElec MP+4} for 680 gold pieces
 38176 | Orc:2    | Found the +0 Maxwell's etheric cage {RegenMP+ *Contam rElec
                  | MP+4}
 38176 | Orc:2    | Bought the +2 pair of gloves of Creativity {MR+} for 460
                  | gold pieces
 38203 | Orc:2    | Bought the cursed +0 kite shield of the Scribe {rF+ Str+2
                  | Int-2} for 232 gold pieces
 38448 | Spider:1 | Entered Level 1 of the Spider Nest
 38594 | Spider:1 | Got a shimmering pewter ring
 39071 | Spider:1 | Reached XP level 16. HP: 120/120 MP: 16/16
 39292 | Spider:1 | Identified the ring of Ymeatoc {AC+5 Stlth+} (You found it
                  | on level 1 of the Spider Nest)
 41393 | Spider:3 | Noticed Donald
 41411 | Spider:3 | Killed Donald
 41461 | Spider:3 | Noticed Arachne
 41494 | Spider:3 | Killed Arachne
 41494 | Spider:3 | Reached skill level 10 in Fighting
 42144 | Spider:3 | Reached XP level 17. HP: 131/131 MP: 17/17
 42375 | Spider:3 | Noticed Asterion
 42386 | Spider:3 | Noticed Agnes
 42397 | Spider:3 | Killed Asterion
 42412 | Spider:3 | Killed Agnes
 42675 | Spider:4 | Entered Level 4 of the Spider Nest
 44099 | Spider:4 | Reached skill level 15 in Fighting
 44237 | Spider:4 | Got a gossamer rune of Zot
 44577 | Swamp:1  | Entered Level 1 of the Swamp
 45364 | Swamp:2  | Noticed Aizul
 45392 | Swamp:2  | Killed Aizul
 45392 | Swamp:2  | Reached XP level 18. HP: 122/149 MP: 18/18
 45743 | Swamp:2  | Identified the cursed +0 pair of gloves "Xoazeubo" {rElec
                  | Str+6 Slay-3}
 45743 | Swamp:2  | Noticed Nikola
 45774 | Swamp:2  | Killed Nikola
 46150 | Swamp:3  | Reached skill level 15 in Armour
 46959 | Swamp:4  | Entered Level 4 of the Swamp
 47040 | Swamp:4  | Found a runed translucent gate.
 47040 | Swamp:4  | Found a runed translucent gate.
 47040 | Swamp:4  | Found a runed translucent gate.
 47040 | Swamp:4  | Noticed Ijustatesigmund's ghost (adept OpFi)
 47059 | Swamp:4  | Killed Ijustatesigmund's ghost
 48143 | Swamp:4  | Noticed the 27-headed Lernaean hydra
 48163 | Swamp:4  | Killed the 27-headed Lernaean hydra
 48180 | Swamp:4  | Got a decaying rune of Zot
 48766 | Elf:1    | Entered Level 1 of the Elven Halls
 49686 | Elf:1    | Reached XP level 19. HP: 149/157 MP: 19/19
 49750 | Elf:1    | Identified the Guide on Darkness
 50097 | Elf:2    | Found Ysuf's Distillery.
 50106 | Elf:2    | Found Lirasmituu's Weapon Shoppe.
 50106 | Elf:2    | Found Noqevyt's Food Emporium.
 50133 | Elf:2    | Found Xyips's Food Emporium.
 50233 | Elf:2    | Found a ruined gateway.
 50305 | Desolati | Entered the Desolation of Salt
 50409 | Desolati | Identified the cursed +0 troll leather armour of Vlad
                  | {+Blink Regen+ Int+6 Stlth+}
 51048 | Desolati | Got a vibrating graven amulet
 51053 | Desolati | Identified Itanenid's Incunabulum of the Floating Escort
 51061 | Desolati | Identified Sif Muna's Papyrus of Sinister Transmutation
 51063 | Desolati | Identified the amulet of Gaimnath {MR+ Regen+ Slay+5} (You
                  | found it in the Desolation of Salt)
 51076 | Desolati | Identified the ring "Ruritta" {rC++ AC+1 Int-3 Slay+3}
 51161 | Desolati | Identified the Collected Works on Changing and Damage
                  | Dealing
 51555 | Desolati | Identified Unidoity's Tome of Evil Arts and Boosts
 51608 | Desolati | Identified the Collected Works on the Blaze
 51610 | Desolati | Identified Poud's Guide on Floating Venom
 52195 | Elf:2    | Found a runed translucent gate.
 52199 | Elf:2    | Found a runed translucent gate.
 52199 | Elf:2    | Found a runed translucent gate.
 52943 | Elf:3    | Entered Level 3 of the Elven Halls
 53017 | Elf:3    | Reached XP level 20. HP: 163/167 MP: 20/20
 53279 | Elf:3    | Noticed Saint Roka
 53331 | Elf:3    | Killed Saint Roka
 54475 | Elf:3    | Identified the +5 flail "Impbane" {flame, Int+4 SInv}
 54523 | Elf:3    | Identified Thaumaturgy, Part Four
 55435 | Slime:1  | Entered Level 1 of the Pits of Slime
 57998 | Slime:4  | Reached XP level 21. HP: 126/173 MP: 21/21
 58688 | Slime:5  | Entered Level 5 of the Pits of Slime
 59600 | Slime:5  | Noticed the Royal Jelly
 59648 | Slime:5  | Killed the Royal Jelly
 60393 | Slime:5  | Got a shimmering pewter ring
 60467 | Slime:5  | Got a slimy rune of Zot
 60496 | Slime:5  | Got a pair of crude gloves
 60883 | Slime:5  | Identified the cursed +0 pair of gloves of the Vacuum
                  | {rN+++ MR- Int+3 SInv} (You found it on level 5 of the Pits
                  | of Slime)
 60917 | Slime:5  | Identified the ring "Sinidaem" {rN+ Dex+3 Stlth-} (You
                  | found it on level 5 of the Pits of Slime)
 61331 | Vaults:1 | Entered Level 1 of the Vaults
 61395 | Vaults:1 | Upgraded the game from 0.25-a0-510-ge065f6de7d to
                  | 0.25-a0-513-ge77a69270c
 62059 | Vaults:1 | Found a hazy altar of Hepliaklqana.
 62308 | Vaults:1 | Reached skill level 16 in Shields
 62410 | Vaults:1 | Reached XP level 22. HP: 173/180 MP: 22/22
 63245 | Vaults:2 | Reached skill level 17 in Shields
 63436 | Vaults:2 | Noticed Boris
 63463 | Vaults:2 | Killed Boris
 63552 | Vaults:2 | Noticed Jory
 63583 | Vaults:2 | Killed Jory
 64500 | Vaults:3 | Reached skill level 18 in Shields
 65292 | Vaults:3 | Found a staircase to the Crypt.
 65292 | Vaults:3 | Found an ancient bone altar of Kikubaaqudgha.
 65293 | Vaults:3 | Found a basalt altar of Yredelemnul.
 65651 | Vaults:3 | Reached XP level 23. HP: 185/186 MP: 23/23
 66050 | Vaults:4 | Found Qadues's Assorted Antiques.
 66066 | Vaults:4 | Bought a scroll of magic mapping for 122 gold pieces
 66200 | Vaults:4 | Bought a glowing cloak for 210 gold pieces
 66200 | Vaults:4 | Bought a pair of runed boots for 210 gold pieces
 66220 | Vaults:4 | Identified a +1 pair of boots of running (You bought it in
                  | a shop on level 4 of the Vaults)
 66379 | Vaults:4 | Noticed Margery
 66403 | Vaults:4 | Killed Margery
 66483 | Vaults:4 | Noticed Frederick
 66514 | Vaults:4 | Killed Frederick
 67055 | Vaults:4 | Identified a scroll of acquirement
 67073 | Vaults:4 | Identified the ring of Neurosis {Fire +Inv} (You acquired
                  | it on level 4 of the Vaults)
 67476 | Vaults:4 | Noticed Mennas
 67753 | Vaults:5 | Entered Level 5 of the Vaults
 68073 | Vaults:5 | Reached skill level 19 in Shields
 68118 | Vaults:5 | Identified the +4 falchion of Mevad {vamp, +Inv}
 68377 | Vaults:5 | Reached XP level 24. HP: 168/197 MP: 23/23
 68543 | Vaults:5 | Identified the +4 morningstar "Alouf" {holy, MP+9}
 68587 | Vaults:5 | Identified the ring "Idoal" {rElec rC+ MR+ Dex-2}
 68773 | Vaults:5 | Reached skill level 20 in Shields
 69457 | Vaults:5 | Got a silver rune of Zot
 69824 | Vaults:5 | Reached skill level 21 in Shields
 70073 | Vaults:5 | Identified Veseril's Collected Works on Stolen Souls
 70627 | Vaults:4 | Bought a glowing tower shield for 367 gold pieces
 70627 | Vaults:4 | Bought the +3 crown of Dyrovepreva {rElec Int+2 SInv} for
                  | 2028 gold pieces
 70627 | Vaults:4 | Found the +3 crown of Dyrovepreva {rElec Int+2 SInv}
 70859 | Depths:1 | Entered Level 1 of the Depths
 71032 | Depths:1 | Found a gateway to a ziggurat.
 71243 | Depths:1 | Reached XP level 25. HP: 203/203 MP: 23/23
 71569 | Depths:1 | Reached skill level 22 in Shields
 71610 | Depths:1 | Found a gateway to Hell.
 72376 | Depths:2 | Found an iron altar of Okawaru.
 72376 | Depths:2 | Found a sparkling altar of Nemelex Xobeh.
 72377 | Depths:2 | Found a bloodstained altar of Trog.
 72929 | Depths:2 | HP: 7/203 [stone giant/large rock (9)]
 72935 | Depths:2 | HP: 10/203 [stone giant (16)]
 73181 | Depths:2 | Identified the Volume of Malediction
 73183 | Depths:2 | Identified the Volume of Ignition and Stolen Souls
 73354 | Depths:2 | Reached skill level 23 in Shields
 73466 | Depths:2 | Noticed Mara
 73482 | Depths:2 | Killed Mara
 74246 | Depths:3 | Found a one-way gate leading to the halls of Pandemonium.
 74404 | Depths:3 | Noticed a juggernaut
 74435 | Depths:3 | Killed a juggernaut
 74449 | Depths:3 | Gained mutation: You are strongly in touch with the powers
                  | of death. [Mummy growth]
 74449 | Depths:3 | Reached XP level 26. HP: 154/211 MP: 23/23
 74540 | Depths:4 | Reached skill level 24 in Shields
 75255 | Depths:4 | Found Countoimp's Jewellery Emporium.
 75256 | Depths:4 | Found Zezearu's Gadget Boutique.
 75257 | Depths:4 | Found Yno Yfuf's Jewellery Emporium.
 75281 | Depths:4 | Bought a wand of acid (4) for 240 gold pieces
 75281 | Depths:4 | Bought a phantom mirror for 450 gold pieces
 75300 | Depths:4 | Noticed a juggernaut
 75321 | Depths:4 | Killed a juggernaut
 76255 | Depths:4 | Got a steaming lapis lazuli ring
 76256 | Depths:4 | Identified the ring "Rasuh" {rPois rF+ EV+2 Int+7 Dex+2}
                  | (You found it on level 4 of the Depths)
 76693 | Depths:4 | Found a one-way gate to the infinite horrors of the Abyss.
 77156 | Depths:4 | Reached skill level 25 in Shields
 78284 | Depths:5 | Entered Level 5 of the Depths
 78307 | Depths:5 | Learned a level 8 spell: Infestation
 78387 | Depths:5 | Reached skill level 1 in Necromancy
 78862 | Depths:5 | Reached skill level 5 in Necromancy
 78971 | Depths:5 | Found a gate to the Realm of Zot.
 79836 | Crypt:1  | Entered Level 1 of the Crypt
 81021 | Crypt:2  | Reached XP level 27. HP: 195/217 MP: 23/23
 81041 | Crypt:2  | Reached skill level 10 in Necromancy
 81356 | Crypt:3  | Entered Level 3 of the Crypt
 81924 | Crypt:3  | Found a staircase to the Tomb.
 82487 | Crypt:3  | Found an ancient bone altar of Kikubaaqudgha.
 82489 | Crypt:3  | Noticed an ancient lich
 82509 | Crypt:3  | Killed an ancient lich
 82651 | Crypt:3  | Got a pitted lead ring
 82659 | Crypt:3  | Noticed an ancient lich
 82679 | Crypt:3  | Killed an ancient lich
 82763 | Crypt:3  | Identified the ring "Wipagrip" {rElec rF+ rC- MR+} (You
                  | found it on level 3 of the Crypt)
 83444 | Depths:4 | Voluntarily entered the Abyss.
 84596 | Abyss:3  | Reached skill level 15 in Necromancy
 84655 | Abyss:4  | Found a corrupted altar of Lugonu.
 84679 | Abyss:4  | Found a corrupted altar of Lugonu.
 84841 | Abyss:4  | Got an abyssal rune of Zot
 85120 | Abyss:5  | Entered Level 5 of the Abyss
 85491 | Depths:4 | Escaped the Abyss
 86742 | Tomb:1   | Entered Level 1 of the Tomb of the Ancients
 86953 | Tomb:1   | Noticed a greater mummy
 86971 | Tomb:1   | Killed a greater mummy
 87398 | Tomb:1   | Noticed a greater mummy
 87424 | Tomb:1   | Killed a greater mummy
 87434 | Tomb:1   | Noticed a greater mummy
 87443 | Tomb:1   | Slain by a bennu

Levels and vault maps discovered:
D:1:      saegor_arrival_simple_d, layout_basic, grunt_decor_arrowhead
D:2:      layout_rooms, minmay_pentomino_r4
D:3:      layout_basic, hangedman_ru_absence,
          chequers_ecumenical_altar_simple_redux, minivault_24, minivault_11,
          chequers_serial_rivers_room_b, fedhas_altar_fruit_tree
D:4:      layout_loops_cross, kennysheep_okawaru_gauntlet,
          minmay_temple_entry_glass, uniq_eustachio, uniq_robin
D:5:      layout_loops_ring, ebering_ghost_disaster_area, first_ration
D:6:      lemuel_slime, layout_rooms, kennysheep_mini, uniq_crazy_yiuf_cottage,
          uniq_blork_the_orc
D:7:      layout_basic, grunt_temple_overflow_open, hex_tiny, led_sif_pool
D:8:      layout_loops_ring, lair_entry_dummy
D:9:      layout_loops_corners, minitemple, basic_altar,
          nicolae_gozag_cash_rules_everything_around_me
D:10:     layout_loops_corners
D:11:     layout_roguey, muffindrake_ghost_dual_entry, the_bakery
D:12:     layout_cave_pools, orc_0_dummy, basic_altar, uniq_erolcha
D:13:     erik_rubicon_a, layout_loops_cross, lightli_vaults_fourway_checkpoint,
          portal_ice_cave_entry_ice_beasts, gauntlet_entry_generic
D:14:     layout_basic, minmay_misc_feat_columns
D:15:     hangedman_depths_entry_try_elsewhere_first, layout_cave_pods,
          hangedman_decor_cross_pass, serial_park, serial_park_square2,
          basic_altar, uniq_rupert
Temple:   nicolae_temple_great_sept
Lair:1:   cheibrodos_lair_river_kwai, layout_regular_city,
          chequers_serial_rivers_micro_a, lemuel_fruit_fields
Lair:2:   layout_roguey, minmay_lair_oklob_chamber, grunt_megastairs_2
Lair:3:   layout_loops_ring, minmay_swamp_entry_worms
Lair:4:   layout_regular_city, nicolae_spider_entry_non_spiders
Lair:5:   layout_big_grid, serial_bayou_lagoon_b, serial_bayou_shore_a,
          uniq_kirke
Lair:6:   hangedman_lair_caniforms_friends, layout_regular_city,
          hangedman_lair_tendril_chambers, slime_altar_2
Swamp:1:  layout_basic_swamp, evilmike_swamp_ruin_house_3
Swamp:2:  layout_basic_swamp, evilmike_swamp_ruin_house_4, swamp_pool4,
          hangedman_swamp_pad, statue_in_the_mist_lemuel, uniq_aizul,
          uniq_nikola
Swamp:3:  layout_basic_swamp, evilmike_swamp_ruin_house_2, swamp_pool1
Swamp:4:  grunt_swamp_rune_castle, layout_basic_swamp, ebering_ghost_rock_garden
Spider:1: layout_spider_delve, zaba_anthell
Spider:2: layout_spider_delve
Spider:3: layout_spider_delve, uniq_donald, uniq_arachne, uniq_asterion,
          uniq_agnes
Spider:4: johnstein_spider_rune_arachne_lair
Slime:1:  layout_caves
Slime:2:  cheibrodos_slime_lost_civilization_3, layout_caves,
          cheibrodos_slime_lost_civilization_7
Slime:3:  layout_caves
Slime:4:  layout_caves
Slime:5
Orc:1:    layout_caves, uniq_josephine, uniq_harold, uniq_fannar
Orc:2:    st_orc_mages, layout_caves, basic_altar
Elf:1:    eino_elf_arrival_the_gate, layout_loops_cross, minmay_elf_necromancy,
          minmay_misc_feat_cross
Elf:2:    layout_geoelf_diagonals, portal_desolation_entry_salt, minivault_20,
          minmay_shoptagon
Elf:3:    elf_hall, layout_gridlike, nrook_mini_backslash, uniq_saint_roka
Vaults:1: v_alt_pattern_6, vaults_room_glass_cross, vaults_room_grid,
          hangedman_vaults_stretched_pinwheel, nicolae_vaults_circle_grid_a,
          nicolae_vaults_little_squares_6, v_misc_9, vaults_room_stairs_pillars,
          grunt_vaults_hallway_long, nicolae_vaults_sealed_display,
          vaults_room_grid, v_misc_4, ontoclasm_vaults_chip,
          nicolae_vaults_stairing_the_circle, v_misc_19, ontoclasm_vaults_twist,
          layout_vaults_omnibox, basic_altar
Vaults:2: vaults_standard_mumra_lines, vaults_dpeg_diagonal,
          grunt_vaults_diagonal, vaults_room_pools, vaults_mumra_lcd,
          vaults_mumra_chevron, layout_vaults_omnigrid, uniq_boris, uniq_jory
Vaults:3: v_misc_14, minmay_crypt_entry_necro_gods, v_misc_27,
          vaults_mumra_minichess_inversion, hangedman_vaults_trim,
          vaults_dpeg_doors, v_misc_30, grunt_vaults_focal, v_misc_30,
          layout_vaults_chaotic_city
Vaults:4: dpeg_vaults_monster_box, hangedman_vaults_unwind,
          ontoclasm_vaults_shuriken, ontoclasm_vaults_gateway,
          nicolae_vaults_network_square, nicolae_vaults_network_quinsquares
          [nicolae_vaults_network_quincunx_subvault,
          nicolae_vaults_network_quincunx_subvault,
          nicolae_vaults_network_quincunx_subvault,
          nicolae_vaults_network_quincunx_subvault], hangedman_vaults_pinch,
          st_cross, ontoclasm_vaults_eye, grunt_vaults_hallway_long,
          ontoclasm_vaults_ring_small, nicolae_vaults_ring_of_whatevers,
          layout_vaults_omnicross, serial_shops, nicolae_shop_statue_plus,
          uniq_mennas, uniq_margery, uniq_frederick
Vaults:5
Crypt:1:  layout_chaotic_city, columned_hall_lemuel, grunt_crypt_arrival_webbed
Crypt:2:  layout_rooms
Crypt:3:  quadcrypt_mu
Tomb:1
Depths:1: layout_honeycomb, enter_ziggurat_d, kennysheep_small_spiral,
          hell_entry, minivault_14, due_unseen_surprise
Depths:2: hangedman_slaughterboxes, serial_shops, hell_entry, uniq_mara
Depths:3: minmay_bloctagon, layout_cave_pools, hell_entry,
          grunt_pan_entry_spiral, drop_trap, infiniplex_staircase_star
Depths:4: minmay_octagon_keep, layout_gridlike, minmay_misc_feat_x,
          abyss_entry_glasseish, lightli_too_deep,
          hangedman_abyss_or_decor_slice, infiniplex_staircase_zigzag_4,
          minmay_shop_grove
Depths:5: grunt_zot_entry_bicorn, layout_cave_pools, grunt_pan_entry_zigzag,
          grunt_hell_entry_dis_grunt, dk_noncrumbling_2

Skill      XL: |  1  2  3  4  5  6  7  8  9 10 11 12 13 14 15 16 17 18 19 20 21 22 23 24 25 26 27 |
---------------+----------------------------------------------------------------------------------+-----
Maces & Flails | 2 3 4 5 7 8 10 12 13 | 13.6
Shields        | 3 4 6 7 9 10 12 14 15 16 18 19 21 23 25 | 25.0
Armour         | 6 7 8 9 11 14 16 18 20 21 22 | 22.7
Fighting       | 4 6 9 11 15 16 17 18 | 18.0
Necromancy     | 9 17 | 17.9

Action                   |  1- 3 |  4- 6 |  7- 9 | 10-12 | 13-15 | 16-18 | 19-21 | 22-24 | 25-27 || total
-------------------------+-------+-------+-------+-------+-------+-------+-------+-------+-------++-------
Melee: Flail             |   100 |   341 |   276 |   175 |    46 |       |       |       |       ||   938
       Mace              |       |       |   367 |  1042 |  1613 |       |       |       |       ||  3022
       Demon whip        |       |       |       |       |   961 |  2398 |  2340 |  2437 |  3785 || 11921
Throw: Dart              |       |       |     5 |    14 |       |       |       |       |       ||    19
Invok: Potion Petition   |       |     1 |       |     4 |     5 |     1 |     3 |     2 |     5 ||    21
       Call Merchant     |       |       |       |       |     2 |       |       |     3 |     1 ||     6
Evoke: Wand              |       |       |     4 |    21 |    12 |       |     2 |       |     6 ||    45
       Lightning rod     |       |       |       |     7 |     3 |       |       |       |       ||    10
       Phantom mirror    |       |       |       |       |       |       |     1 |       |       ||     1
  Use: Scroll            |       |       |    15 |     6 |    13 |     4 |    13 |     8 |     9 ||    68
 Stab: Distracted        |       |       |     5 |     3 |    21 |    13 |    17 |    14 |    24 ||    97
       Confused          |       |       |       |       |       |       |       |     1 |       ||     1
Armor: Scale mail        |    39 |   253 |   203 |     2 |       |       |       |       |       ||   497
       Plate armour      |       |       |    50 |       |       |       |       |       |       ||    50
       Ring mail         |       |       |       |   308 |   303 |       |       |       |       ||   611
       Gold dragon scale |       |       |       |       |   130 |   985 |   828 |   839 |  1030 ||  3812
Dodge: Dodged            |    35 |   154 |   146 |   319 |   677 |   481 |   311 |   252 |   319 ||  2694
Block: Kite shield       |    47 |   225 |   366 |   750 |  1928 |  1559 |   936 |  1029 |       ||  6840
       Reflection        |       |       |       |       |    34 |    15 |     8 |       |       ||    57
       Tower shield      |       |       |       |       |       |       |       |   112 |  2565 ||  2677

Table legend:
 A = Non-vault XP
 B = Vault XP
 C = Vault XP percentage of total XP
 D = Non-vault monster count
 E = Vault monster count
 F = Vault count percentage of total count
                 A         B        C        D         E       F
            +---------+---------+-------+---------+---------+-------
      Total |  886777 |  824594 |  48.2 |    1866 |    1045 |  35.9
            +---------+---------+-------+---------+---------+-------
        D:1 |      37 |       0 |   0.0 |      22 |       0 |   0.0
        D:2 |      95 |       4 |   4.0 |      17 |       3 |  15.0
        D:3 |     139 |       0 |   0.0 |      18 |       0 |   0.0
        D:4 |     121 |      17 |  12.3 |      12 |       2 |  14.3
        D:5 |     595 |     256 |  30.1 |      32 |       1 |   3.0
        D:6 |     552 |     411 |  42.7 |      19 |      20 |  51.3
        D:7 |     462 |       0 |   0.0 |       7 |       0 |   0.0
        D:8 |     584 |       0 |   0.0 |      29 |       0 |   0.0
        D:9 |    3148 |       0 |   0.0 |      27 |       0 |   0.0
       D:10 |    2764 |       0 |   0.0 |      29 |       0 |   0.0
       D:11 |    5465 |     215 |   3.8 |      31 |       1 |   3.1
       D:12 |    7285 |    2269 |  23.7 |      21 |       3 |  12.5
       D:13 |    2965 |    6426 |  68.4 |      21 |      18 |  46.2
       D:14 |   11285 |     132 |   1.2 |      36 |       1 |   2.7
       D:15 |   17186 |    5496 |  24.2 |      42 |       5 |  10.6
     Temple |       3 |     230 |  98.7 |       1 |      10 |  90.9
     Lair:1 |    4788 |    2330 |  32.7 |      22 |       5 |  18.5
     Lair:2 |    3480 |     147 |   4.1 |      19 |       1 |   5.0
     Lair:3 |    1238 |     756 |  37.9 |       7 |       3 |  30.0
     Lair:4 |    8762 |    2603 |  22.9 |      21 |      10 |  32.3
     Lair:5 |    6789 |     696 |   9.3 |      30 |       3 |   9.1
     Lair:6 |    6367 |   24502 |  79.4 |      31 |      90 |  74.4
    Swamp:1 |    6895 |       0 |   0.0 |      13 |       0 |   0.0
    Swamp:2 |   10814 |    5648 |  34.3 |      23 |       2 |   8.0
    Swamp:3 |   17219 |       0 |   0.0 |      36 |       0 |   0.0
    Swamp:4 |   11592 |   24515 |  67.9 |      27 |      33 |  55.0
   Spider:1 |   17794 |    7579 |  29.9 |      50 |      47 |  48.5
   Spider:2 |   21737 |       0 |   0.0 |      53 |       0 |   0.0
   Spider:3 |   27317 |   10311 |  27.4 |      69 |       4 |   5.5
   Spider:4 |   16142 |   32279 |  66.7 |      45 |      57 |  55.9
    Slime:1 |    2901 |       0 |   0.0 |       9 |       0 |   0.0
    Slime:2 |   23380 |    1240 |   5.0 |      49 |       2 |   3.9
    Slime:3 |    7587 |       0 |   0.0 |      10 |       0 |   0.0
    Slime:4 |   16642 |       0 |   0.0 |      31 |       0 |   0.0
    Slime:5 |   21335 |   32485 |  60.4 |      29 |      12 |  29.3
      Orc:1 |    1324 |    2825 |  68.1 |      11 |       6 |  35.3
      Orc:2 |    3455 |    4838 |  58.3 |      25 |      38 |  60.3
      Elf:1 |   21024 |    5592 |  21.0 |      34 |      12 |  26.1
      Elf:2 |   23501 |   28019 |  54.4 |      37 |      37 |  50.0
      Elf:3 |   18614 |   51963 |  73.6 |      27 |      43 |  61.4
   Vaults:1 |   48391 |   17859 |  27.0 |      83 |      33 |  28.4
   Vaults:2 |   35815 |   16095 |  31.0 |      61 |      12 |  16.4
   Vaults:3 |   58102 |   20170 |  25.8 |      83 |      27 |  24.5
   Vaults:4 |   49119 |   32699 |  40.0 |      71 |      34 |  32.4
   Vaults:5 |   48241 |  141719 |  74.6 |      57 |      93 |  62.0
    Crypt:1 |   23830 |       0 |   0.0 |      47 |       0 |   0.0
    Crypt:2 |   30434 |       0 |   0.0 |      41 |       0 |   0.0
    Crypt:3 |       0 |   70339 | 100.0 |       0 |      81 | 100.0
     Tomb:1 |   11090 |   35131 |  76.0 |      31 |      19 |  38.0
   Depths:1 |   49690 |       0 |   0.0 |      70 |       0 |   0.0
   Depths:2 |       0 |  107869 | 100.0 |       0 |      95 | 100.0
   Depths:3 |   22518 |   34608 |  60.6 |      30 |      30 |  50.0
   Depths:4 |   66484 |   20708 |  23.7 |      67 |      22 |  24.7
   Depths:5 |    8381 |   19750 |  70.2 |       7 |      16 |  69.6
    Abyss:2 |   25142 |       0 |   0.0 |      42 |       0 |   0.0
    Abyss:3 |   13607 |       0 |   0.0 |      30 |       0 |   0.0
    Abyss:4 |   16676 |    6077 |  26.7 |      32 |       9 |  22.0
    Abyss:5 |   25874 |       0 |   0.0 |      42 |       0 |   0.0
      IceCv |       0 |    4439 | 100.0 |       0 |      26 | 100.0
 Desolation |       0 |   43347 | 100.0 |       0 |      79 | 100.0
            +---------+---------+-------+---------+---------+-------
